 Dungeon Crawl Stone Soup version 0.22.1-2-g9c5b331 (webtiles) character file.

122 Goblin1989 the Shield-Bearer (level 4, -7/42 HPs)
             Began as a Deep Dwarf Fighter on Jan 7, 2019.
             Killed by divine providence
             ... invoked by an orc priest
              (12 damage)
             ... on level 3 of the Dungeon.
             The game lasted 00:04:37 (1658 turns).

Goblin1989 the Shield-Bearer (Deep Dwarf Fighter)   Turns: 1658, Time: 00:04:39

Health: -7/42      AC: 11    Str: 26    XL:     4   Next: 78%
Magic:  2/2        EV:  5    Int:  8    God:
Gold:   112        SH: 10    Dex: 12    Spells: 3/3 levels left

rFire    . . .     SeeInvis .   a - +0 war axe
rCold    . . .     Gourm    .   c - +0 shield
rNeg     . . .     Faith    .   t - +0 plate armour
rPois    .         Spirit   .   (no helmet)
rElec    .         Reflect  .   (no cloak)
rCorr    .         Harm     .   (no gloves)
MR       .....                  (no boots)
Stlth    ..........             (no amulet)
HPRegen  0.00/turn              (no ring)
MPRegen  0.08/turn              (no ring)

@: mighty, non-regenerating
A: damage resistance, heal wounds, sense surroundings 1, no regeneration
a: Heal Wounds


You were on level 3 of the Dungeon.
You were not hungry.

You visited 1 branch of the dungeon, and saw 3 of its levels.

You collected 112 gold pieces.

Inventory:

Hand Weapons
 a - a +0 war axe (weapon)
 p - a +0 hunting sling
Missiles
 m - 70 stones (quivered) {@Q3}
 y - 20 arrows
Armour
 c - a +0 shield (worn)
 t - a +0 plate armour (worn)
Scrolls
 h - a scroll of magic mapping {unknown}
 i - a scroll of blinking {unknown}
 j - a scroll of remove curse {unknown}
 k - a scroll of random uselessness {unknown}
 l - 3 scrolls of fear {unknown}
 o - 3 scrolls of identify {unknown}
 r - a scroll of amnesia {unknown}
 w - a scroll of enchant weapon {unknown}
 x - a scroll of teleportation {unknown}
Potions
 f - 2 potions of degeneration {unknown}
 q - a potion of heal wounds {unknown}
 s - a potion of berserk rage {unknown}
 u - a potion of brilliance {unknown}
 v - a potion of flight {unknown}
Comestibles
 e - 4 rations
 n - 4 chunks of flesh


   Skills:
 + Level 3.2 Fighting
 * Level 3.7 Axes
 + Level 3.8 Armour
 * Level 4.4 Shields


You had 3 spell levels left.
You didn't know any spells.
Your spell library was empty.

Dungeon Overview and Level Annotations

Branches:
Dungeon (3/15)

Altars:
Elyvilon
Zin
The Shining One


Innate Abilities, Weirdness & Mutations

You are resistant to damage.
You can heal yourself by infusing magical energy.
You passively map a small area around you.
You do not regenerate.


Message History

No target in view!
No target in view!
No target in view!
No target in view!
No target in view!
No target in view!
No target in view!
m - 59 stones {@Q3} (gained 20) Some of the chunks of flesh in your inventory have rotted away.
m - 70 stones {@Q3} (gained 11) Eating one of 5 chunks of flesh.
You eat one of the 5 chunks of flesh.
This raw flesh tastes terrible.
Key pressed, stopping explore.
You see here 20 arrows.
Found a stone staircase leading up.
You see here 20 arrows.
y - 20 arrows An orc warrior comes into view.
It is wielding a dire flail of holy wrath.
The orc warrior shouts!
You hear a shout!
An orc priest comes into view.
There are monsters nearby!
An orc priest comes into view. It is wielding a hand axe.
The orc priest looks encouraged for a moment.
Your shield and plate armour prevent you from hitting the orc warrior.
The orc priest invokes the aid of Beogh against you.
Beogh smites you!
The orc warrior hits you with a dire flail of holy wrath.
You take 12 damage, and have 25/42 hp.
MASSIVE DAMAGE!!
You hit the orc warrior.
The orc warrior is lightly wounded.
The orc warrior hits you with a dire flail of holy wrath!
* * * LOW HITPOINT WARNING * * *
You block the orc warrior's attack.
You are too injured to fight recklessly!
You take 9 damage, and have 16/42 hp.
MASSIVE DAMAGE!!
You are too injured to fight recklessly!
You are too injured to fight recklessly!
You are too injured to fight recklessly!
You are too injured to fight recklessly!
You are too injured to fight recklessly!
You are too injured to fight recklessly!
You are too injured to fight recklessly!
Unknown command.
You feel much better.
The orc warrior hits you with a dire flail of holy wrath!!
Ouch! That really hurt!
* * * LOW HITPOINT WARNING * * *
You regained 2 hp, and now have 18/42 hp.
Unknown command.
You feel much better.
Health restored: 42 Unknown command.
You feel very mighty all of a sudden.
The orc warrior hits you with a dire flail of holy wrath!
You take 6 damage, and have 36/42 hp.
Unknown command.
Your shield and plate armour prevent you from hitting the orc warrior.
The orc warrior is lightly wounded.
The orc warrior hits you with a dire flail of holy wrath!
You block the orc warrior's attack.
You take 9 damage, and have 27/42 hp.
MASSIVE DAMAGE!!
You slash the orc warrior!
The orc warrior is severely wounded.
The orc priest calls upon Beogh to heal the orc warrior.
The orc warrior is healed somewhat.
The orc warrior hits you with a dire flail of holy wrath!
You take 8 damage, and have 19/42 hp.
You slash the orc warrior!
The orc warrior is severely wounded.
The orc priest calls upon Beogh to heal the orc warrior.
The orc warrior is healed somewhat.
The orc warrior hits you with a dire flail of holy wrath!
* * * LOW HITPOINT WARNING * * *
You take 7 damage, and have 12/42 hp.
Your magical essence is drained by the effort!
You feel much better.
The orc priest calls down the wrath of Beogh upon you.
Beogh smites you! You block the orc warrior's attack.
You regained 8 hp, and now have 20/42 hp.
You now have 2/2 mp.
Unknown command.
You fail to use your ability.
The orc warrior barely misses you.
Unknown command.
You feel much better.
The orc priest miscasts a cantrip.
You block the orc warrior's attack.
You regained 19 hp, and now have 39/42 hp.
Unknown command.
You closely miss the orc warrior.
The orc warrior is heavily wounded.
The orc warrior hits you with a dire flail of holy wrath!
You take 13 damage, and have 26/42 hp.
MASSIVE DAMAGE!!
Your plate armour prevents you from hitting the orc warrior.
The orc warrior is heavily wounded.
The orc warrior hits you with a dire flail of holy wrath!!
Ouch! That really hurt!
* * * LOW HITPOINT WARNING * * *
The orc priest calls down the wrath of Beogh upon you.
Beogh smites you!
You die...

█.█ ▓ █.....█
▓
████████.███
▓ ▓ . ▓
█........█ ·
.. ··
█.████████ ▓▓
█. ·· █.█ █.·
█.█ .██..·
██.██
▓(....o██...█
█..oo@...█
██.███...█ ·


█████ ▓ ▓· ▓· · ▓ ▓▓ ▓· ▓ ▓ · · ▓ You could see an orc warrior and 2 orc
priests.

Vanquished Creatures
  Terence (D:2)
  2 adders
  A gnoll (D:1)
  An ooze (D:1)
  A dart slug (D:3)
  A leopard gecko (D:1)
  3 orcs (D:3)
  7 giant cockroaches
  4 hobgoblins (D:1)
  5 jackals (D:1)
  8 kobolds
  A quokka (D:3)
  8 bats
  A frilled lizard (D:2)
  3 goblins
  11 rats
58 creatures vanquished.

Notes
Turn   | Place    | Note
-------+----------+-------------------------------------------
     0 | D:1      | Goblin1989 the Deep Dwarf Fighter began the quest for the
                  | Orb.
     0 | D:1      | Reached XP level 1. HP: 20/20 MP: 1/1
   123 | D:1      | Reached XP level 2. HP: 18/27 MP: 2/2
   258 | D:1      | Reached XP level 3. HP: 20/33 MP: 3/3
   669 | D:1      | Reached skill level 4 in Shields
   910 | D:2      | Noticed Terence
   918 | D:2      | Killed Terence
   918 | D:2      | Reached XP level 4. HP: 41/42 MP: 3/3
  1386 | D:3      | Found a glowing golden altar of the Shining One.
  1386 | D:3      | Found a white marble altar of Elyvilon.
  1387 | D:3      | Found a glowing silver altar of Zin.
  1643 | D:3      | Noticed an orc warrior
  1658 | D:3      | Killed from afar by an orc priest

Skill      XL: |  1  2  3 |
---------------+----------+-----
Axes           | 3 |  3.7
Fighting       | 3 |  3.2
Shields        | 4 |  4.4
Armour         | |  3.8

Action                   |  1- 3 |  4- 6 || total
-------------------------+-------+-------++-------
Melee: War axe           |   117 |    59 ||   176
 Abil: Heal Wounds       |     1 |     4 ||     5
  Use: Potion            |       |     1 ||     1
  Eat: Chunk             |       |     3 ||     3
Armor: Scale mail        |    61 |     6 ||    67
       Plate armour      |       |    21 ||    21
Dodge: Dodged            |    52 |    21 ||    73
Block: Shield            |    71 |    35 ||   106

Vault maps used:
D:1:      minmay_arrival_plants_in_alcoves
D:2:      uniq_terence
D:3:      good_gods_temple_1
